AoeStats
← Husánia

Hill Fort

506087653Analyzed
2v2 RM · 20d ago on Sep 12, 2026· 51m 34s· 4 players
Game mode
Random Map
Map size
Medium (4 player)
Population
200
Speed
Normal
Resources
Standard
Victory
Conquest
Starting age
Dark Age
Ending age
Imperial Age
RankedLock teamsTeams togetherTeam positionsShared explorationLock speedFull tech treeHidden civsTurbo modeCheats
Victory
Defeat
🇯🇵 Koreans · Japan
822
+15
🇪🇸 Khmer · Spain
804
+16
🇭🇺 Lithuanians · Hungary
819
-16
🇭🇺 Khmer · Hungary
793
-15
knight
6:49 Loom
10:42 Feudal Age
17:53 Castle Age
17:32 Stone Mining
17:42 Gold Mining
18:03 Horse Collar
19:06 Double-Bit Axe
23:11 Heavy Plow
23:41 Bow Saw
24:35 Fletching
27:11 Wheelbarrow
27:23 Caravan
30:33 Hand Cart
35:28 Imperial Age
34:56 Gold Shaft Mining
36:42 Heavy Rocket Cart
39:03 Stone Shaft Mining
39:35 Chemistry
42:27 Shinkichon
42:30 Siege Engineers
44:24 Ballistics
43:51 Treadmill Crane
44:05 Arrowslits
44:21 Bodkin Arrow
45:16 Bracer
45:26 Eupseong
45:48 Conscription
46:44 Two-Man Saw
46:07 Masonry
51:40 Murder Holes
52:16 Architecture
txarli
0:26 Loom
11:10 Feudal Age
12:28 Wheelbarrow
12:58 Horse Collar
14:24 Double-Bit Axe
15:44 Town Watch
21:35 Castle Age
20:03 Gold Mining
21:11 Stone Mining
24:46 Hand Cart
24:38 Caravan
25:02 Heavy Plow
25:06 Town Patrol
28:23 Fortified Wall
28:09 Murder Holes
28:25 Masonry
34:31 Gold Shaft Mining
37:05 Imperial Age
35:06 Bow Saw
36:02 Stone Shaft Mining
36:21 Pikeman
38:38 Husbandry
39:23 Forging
39:19 Scale Barding Armor
39:12 Cavalier
40:03 Bloodlines
40:12 Halberdier
41:59 Ballistics
43:52 Fletching
44:06 Scale Mail Armor
45:28 Iron Casting
44:55 Bodkin Arrow
45:51 Crop Rotation
46:36 Chain Barding Armor
46:31 Chain Mail Armor
47:50 Chemistry
46:55 Siege Engineers
47:21 Architecture
47:09 Heavy Scorpion
48:12 Bracer
49:02 Double Crossbow
49:23 Conscription
Mathman
7:24 Loom
11:07 Feudal Age
13:06 Double-Bit Axe
13:47 Horse Collar
18:22 Castle Age
17:08 Wheelbarrow
16:32 Gold Mining
19:18 Bow Saw
21:56 Town Watch
22:31 Hand Cart
22:26 Stone Mining
24:39 Heavy Plow
25:00 Town Patrol
28:05 Forging
30:30 Iron Casting
31:52 Husbandry
32:05 Bloodlines
36:53 Imperial Age
35:27 Scale Barding Armor
36:31 Hill Forts
36:53 Chain Barding Armor
37:17 Cavalier
39:08 Paladin
43:04 Plate Barding Armor
44:43 Onager
46:06 Conscription
Husánia
8:27 Loom
11:21 Feudal Age
11:50 Horse Collar
11:57 Double-Bit Axe
19:55 Castle Age
23:16 Pikeman
27:36 Bow Saw
29:57 Forging
29:53 Scale Mail Armor
30:00 Scale Barding Armor
34:46 Heavy Plow
35:42 Bloodlines
45:00 Imperial Age
43:13 Tusk Swords
44:58 Chain Barding Armor
45:15 Iron Casting
45:51 Husbandry
48:17 Ballistics
Connection lost

Rejoining the realm…

Still unreachable

The connection could not be restored.

Session expired

The server has moved on; the page needs a fresh start.